 Dungeon Crawl Stone Soup version 0.18-b1-16-g289874d (webtiles) character file.

177 theY the Grave Robber (level 5, 0/38 HPs)
             Began as a Hill Orc Necromancer on May 1, 2016.
             Slain by Crazy Yiuf
             ... wielding a +4 quarterstaff of chaos
              (9 damage)
             ... on level 4 of the Dungeon.
             The game lasted 00:08:01 (3794 turns).

theY the Grave Robber (Hill Orc Necromancer)        Turns: 3794, Time: 00:08:02

Health: 0/38       AC:  3    Str: 11    XL:     5   Next: 57%
Magic:  2/9        EV: 12    Int: 16    God:
Gold:   205        SH:  0    Dex: 11    Spells: 3 memorised, 4 levels left

rFire  + . .     SeeInvis +     f - +1 dagger (speed)
rCold  . . .     Gourm    .     a - +0 robe
rNeg   . . .     Faith    .     (no shield)
rPois  .         Spirit   .     (no helmet)
rElec  .         Dismiss  .     (no cloak)
rCorr  .         Reflect  .     g - +0 pair of gloves
SustAt .         Harm     .     (no boots)
MR     .....                    x - amulet of regeneration
Stlth  ++........               n - ring of protection from fire
                                d - ring of see invisible

@: not resistant to hostile enchantments, unstealthy
A: no striking features
a: no special abilities


You were on level 4 of the Dungeon.
You were not hungry.

You visited 1 branch of the dungeon, and saw 4 of its levels.

You collected 205 gold pieces.

Inventory:

Hand Weapons
 f - a +1 dagger of speed (weapon)
 p - a +1 flail of draining
Missiles
 h - 4 tomahawks (quivered)
Armour
 a - a +0 robe (worn)
 g - a +0 pair of gloves (worn)
 z - the +3 shield of Failure {rN+ Str+3 Int+4 Dex-3, unknown}
   (You found it on level 4 of the Dungeon)

   It affects your strength (+3).
   It affects your intelligence (+4).
   It affects your dexterity (-3).
   It protects you from negative energy.
 B - a cursed +0 scale mail
Jewellery
 d - a ring of see invisible (left hand)
 n - a ring of protection from fire (right hand)
 w - a cursed -2 ring of evasion {unknown}
 x - an amulet of regeneration (around neck)
 y - a +3 ring of protection {unknown}
Scrolls
 e - 2 scrolls of remove curse {unknown}
 j - a scroll of magic mapping {unknown}
 m - 3 scrolls of enchant weapon {unknown}
 q - 4 scrolls of identify {unknown}
 s - a scroll of fear {unknown}
 t - 3 scrolls of teleportation {unknown}
 u - a scroll of fog {unknown}
Potions
 k - a potion of heal wounds {unknown}
 o - a potion of mutation {unknown}
 A - a potion of might {unknown}
Books
 b - a book of Necromancy

   Spells                             Type                      Level
   a - Pain                           Necromancy                   1
   b - Animate Skeleton               Necromancy                   1
   c - Vampiric Draining              Necromancy                   3
   d - Regeneration                   Charms/Necromancy            3
   e - Animate Dead                   Necromancy                   4
   f - Control Undead                 Necromancy                   4
 i - an Akashic Record

   Spells                             Type                      Level
   a - Dispersal                      Translocation                6
   b - Malign Gateway                 Summoning/Translocation      7
   c - Disjunction                    Translocation                8
   d - Controlled Blink               Translocation                8
Comestibles
 c - 2 bread rations
 l - a beef jerky
 r - 3 meat rations
 v - a royal jelly


   Skills:
 + Level 0.2 Short Blades
 + Level 2.0 Dodging
 + Level 1.8 Stealth
 + Level 3.0 Spellcasting
 + Level 5.3 Necromancy


You had 4 spell levels left.
You knew the following spells:

 Your Spells              Type           Power        Failure   Level  Hunger
a - Pain                  Necr           ###.         1%          1    #......
b - Animate Skeleton      Necr           N/A          1%          1    #......
c - Animate Dead          Necr           N/A          21%         4    #####..


Dungeon Overview and Level Annotations

Branches:
Dungeon (4/15)
 Temple: D:4-7

Altars:
Makhleb
Trog

Annotations:
D:4 Crazy Yiuf, Dowan, Duvessa


Message History

Crazy Yiuf convulses in agony!
Crazy Yiuf hits you with a quarterstaff of chaos!
Crazy Yiuf draws strength from your injuries!
Casting: Pain
Confirm with . or Enter, or press ? or * to list all spells.
Aiming: Pain
Press: ? - help, Shift-Dir - straight line, f/p - Crazy Yiuf
Aim: Crazy Yiuf, wielding a quarterstaff of chaos and wearing a cloak (chance to defeat MR: 84%) Crazy Yiuf convulses in agony!
Crazy Yiuf hits you with a quarterstaff of chaos!
Crazy Yiuf freezes you.
* * * LOW HITPOINT WARNING * * *
Casting: Pain
Confirm with . or Enter, or press ? or * to list all spells.
Aiming: Pain
Press: ? - help, Shift-Dir - straight line, f/p - Crazy Yiuf
Aim: Crazy Yiuf, wielding a quarterstaff of chaos and wearing a cloak (lightly wounded, chance to defeat MR: 84%) Crazy Yiuf convulses in agony!
Crazy Yiuf hits you with a quarterstaff of chaos!
You die...

### #). #.. ..
#. ♣.♣♣ ♣g♣
♣@♣♣ ♣♣.♣
♣♣.♣♣ ♣♣...♣
♣....♣ ##..##
#....# #...##
##########...#


You could see Crazy Yiuf.

Vanquished Creatures
  A hound (D:4)
  An orc wizard (D:3)
  An adder (D:3)
  2 worms
  3 dart slugs
  A giant gecko (D:4)
  10 orcs
  7 bats
  6 giant cockroaches
  8 goblins
  9 hobgoblins
  7 jackals
  3 quokkas
  6 giant newts
  13 kobolds
  7 rats
85 creatures vanquished.

Vanquished Creatures (collateral kills)
  A worm (D:3)
1 creature vanquished.

Grand Total: 86 creatures vanquished

Notes
Turn   | Place    | Note
--------------------------------------------------------------
     0 | D:1      | theY the Hill Orc Necromancer began the quest for the Orb.
     0 | D:1      | Reached XP level 1. HP: 14/14 MP: 3/3
    67 | D:1      | Reached XP level 2. HP: 13/20 MP: 0/4
   150 | D:1      | Learned a level 1 spell: Animate Skeleton
   239 | D:1      | You fall through a shaft!
   507 | D:2      | HP: 1/20 [worm (8)]
   842 | D:1      | Reached XP level 3. HP: 14/26 MP: 1/5
  1946 | D:2      | Reached XP level 4. HP: 27/33 MP: 3/7
  2245 | D:3      | Found a burning altar of Makhleb.
  2884 | D:3      | Reached skill level 5 in Necromancy
  2884 | D:3      | Reached XP level 5. HP: 22/38 MP: 5/9
  2896 | D:3      | Learned a level 4 spell: Animate Dead
  3174 | D:3      | Found a bloodstained altar of Trog.
  3356 | D:4      | Noticed Duvessa
  3356 | D:4      | Noticed Dowan
  3655 | D:4      | Got a brightly glowing shield
  3784 | D:4      | Noticed Crazy Yiuf
  3794 | D:4      | Slain by Crazy Yiuf

Skill      XL: |  1  2  3  4  5 |
---------------+----------------+-----
Spellcasting   | 2 3 |  3.0
Necromancy     | 5 |  5.3
Dodging        | 2 |  2.0
Short Blades   | |  0.2
Stealth        | |  1.8

Action                   |  1- 3 |  4- 6 || total
-------------------------+-------+-------++-------
Melee: Unarmed           |     4 |       ||     4
       Dagger            |    38 |    69 ||   107
 Cast: Pain              |    68 |    86 ||   154
       Animate Skeleton  |     4 |    10 ||    14
 Stab: Sleeping          |     1 |       ||     1
  Eat: Chunk             |     5 |     6 ||    11
Armor: Robe              |    16 |    12 ||    28
Dodge: Dodged            |    25 |    36 ||    61
